 Dungeon Crawl Stone Soup version 0.24-a0-271-ga0fc33f (webtiles) character file.

Game seed: 524719980030308069

687 MatthieuS the Poker (level 7, -5/54 HPs)
             Began as a Merfolk Skald on Apr 24, 2019.
             Was a Follower of Ashenzari.
             Killed from afar by a starcursed mass (9 damage)
             ... with an accursed screaming
             ... on level 1 of the Abyss.
             The game lasted 00:13:28 (5374 turns).

MatthieuS the Poker (Merfolk Skald)                 Turns: 5374, Time: 00:13:29

Health: -5/54      AC:  7    Str:  7 (8)  XL:     7   Next: 62%
Magic:  8/12       EV: 12    Int: 12 (14) God:    Ashenzari [*.....]
Gold:   214        SH:  0    Dex: 13 (15) Spells: 2/13 levels left

rFire    . . .     SeeInvis .   a - +1 spear
rCold    . . .     Gourm    .   (no shield)
rNeg     . . .     Faith    .   p - +1 leather armour {rPois}
rPois    +         Spirit   .   q - +2 helmet
rElec    .         Reflect  .   (no cloak)
rCorr    .         Harm     .   (no gloves)
MR       .....                  (no boots)
Stlth    +.........             (no amulet)
HPRegen  0.18/turn              i - ring of wizardry
MPRegen  0.13/turn              (no ring)

@: infused, lightly drained
A: change form in water, swift swim, stealthy swim, agile 1, weak 2
a: Curse Item, Scrying, Renounce Religion


You were on level 1 of the Abyss.
You worshipped Ashenzari.
Ashenzari was aware of your devotion.
You were hungry.

You visited 1 branch of the dungeon, and saw 5 of its levels.
You visited the Abyss 1 time.

You collected 214 gold pieces.

Inventory:

Hand Weapons
 a - a +1 spear (weapon)
Armour
 p - a +1 leather armour of poison resistance (worn)
   (You took it off an orc on level 3 of the Dungeon)
 q - a +2 helmet (worn)
   (You took it off Robin on level 4 of the Dungeon)
Jewellery
 i - a ring of wizardry (left hand)
   (You found it on level 1 of the Abyss)
Wands
 b - a wand of enslavement (13)
   (You found it on level 4 of the Dungeon)
 d - a wand of iceblast (6)
   (You found it on level 1 of the Abyss)
 t - a wand of flame (19)
   (You took it off Natasha on level 3 of the Dungeon)
 x - a wand of acid (3)
   (You found it on level 1 of the Abyss)
Scrolls
 c - 4 scrolls of remove curse {@r2}
 g - 7 scrolls of identify {@r1}
 h - 3 scrolls of teleportation {@r4}
 k - 2 scrolls of amnesia
 l - a scroll of enchant weapon
 s - a scroll of enchant armour
Potions
 f - a potion of berserk rage {unknown}
Comestibles
 e - 6 rations
 r - 10 chunks of flesh


   Skills:
 + Level 4.2(3.9) Fighting
 + Level 5.7(5.4) Polearms
 - Level 0.6(0.4) Armour
 - Level 2.6(2.4) Dodging
 + Level 3.5(3.3) Spellcasting
 + Level 2.5(2.3) Hexes
 + Level 4.8(4.6) Charms
 * Level 2.6(2.3) Translocations


You had 2 spell levels left.
You knew the following spells:

 Your Spells              Type           Power        Failure   Level  Hunger
a - Infusion              Chrm           ##..         2%          1    #......
b - Spectral Weapon       Hex/Chrm       ##......     11%         3    ###....
c - Blink                 Tloc           N/A          9%          2    ##.....
q - Song of Slaying       Chrm           ##......     3%          2    ##.....
z - Animate Skeleton      Necr           N/A          14%         1    #......
A - Shroud of Golubria    Chrm/Tloc      ##........   5%          2    ##.....

Your spell library contained the following spells:

 Spells                   Type           Power        Failure   Level  Hunger
 Slow                     Hex            #.......     9%          2    ##.....
 Magic Dart               Conj           #...         14%         1    #......
 Pain                     Necr           #...         14%         1    #......
 Call Imp                 Summ           #.......     21%         2    ##.....
 Regeneration             Chrm/Necr      #.........   16%         3    ###....
 Conjure Flame            Conj/Fire      #.......     38%         3    ###....
 Mephitic Cloud           Conj/Pois/Air  #.......     38%         3    ###....
 Vampiric Draining        Necr           #.........   38%         3    ###....
 Animate Dead             Necr           N/A          77%         4    #####..


Dungeon Overview and Level Annotations

Branches:
Dungeon (5/15)             Temple (0/1) D:4

Altars:
Ashenzari
Gozag
Makhleb
Nemelex Xobeh
Ru
Sif Muna
Wu Jian
Xom
The Shining One

Shops:
D:5 %


Innate Abilities, Weirdness & Mutations

You revert to your normal form in water You are very nimble and swift while swimming.
You are very stealthy in the water. (Stealth+)
You are agile. (Dex +2)
You are very weak. (Str -4)


Message History

You feel yourself slow down.
You see here an uncursed staff of air.
Found a worn ivory wand.
Some of the chunks of flesh in your inventory have rotted away.
x - a wand of acid (3)
Found an uncursed leather armour.
Found a scroll of identify and 4 needles of sleeping.
You see here a scroll of identify {@r1}.
g - 7 scrolls of identify {@r1} (gained 1)
Found a scroll of teleportation.
Found 14 stones.
h - 4 scrolls of teleportation {@r4} (gained 1)
A large abomination comes into view.
There are no items here.
As you read the scroll of teleportation {@r4}, it crumbles to dust.
You feel strangely unstable.
You feel the power of the Abyss delaying your translocation!
Unknown command.
The lich gestures at you while chanting.
You suddenly lose the ability to move!
The lich gestures wildly while chanting.
The lich seems to speed up.
The lich conjures an orb of pure magic.
You can move again.
An orb of destruction comes into view.
Unknown command.
Unknown command.
The lich touches you.
The orb of destruction hits a stone wall.
You are suddenly pulled into a different region of the Abyss!
You are feeling hungry.
A small abomination comes into view.
You draw out your weapon's spirit!
The small abomination hits you!
Your spectral weapon writhes in pain as voices assail its mind.
Your spectral weapon shares its damage with you!
You hit the small abomination but do no damage.
Your spectral weapon barely misses the small abomination.
The small abomination hits you but does no damage.
You begin infusing your attacks with magical energy.
A starcursed mass comes into view.
The small abomination barely misses you.
The small abomination hits you!
* * * LOW HITPOINT WARNING * * *
A starcursed mass comes into view.
You completely miss the small abomination.
Your spectral weapon hits the small abomination from afar.
The small abomination hits you!
* * * LOW HITPOINT WARNING * * *
A chorus of shrieks assaults your mind.
You die...

# ##### ### #
. ..#
#......# .##
#####.#...
#.#.#
#.##......##.
##
#...###...X .
.
#.##(....X#.#
#.
#.#@###....##
.. ##x##
......# .
#..# #. #.#..
. ..## .#. #
.# ..#. ...
.. .## # #
....# .. .# #
#.


You could see 2 starcursed masses, a small abomination and a friendly spectral
+1 spear.

Vanquished Creatures
  A scorpion (D:4)
  2 crimson imps (D:5)
  A howler monkey (D:4)
  A bullfrog skeleton (D:5)
  An orc priest (D:4)
  3 iguanas
  Natasha (thrice) (D:3)
  2 orc wizards
  2 worker ants (D:4)
  Robin (D:4)
  8 adders
  A shadow imp (D:5)
  An ooze (D:2)
  2 worms
  2 dart slugs
  4 leopard geckos
  18 orcs
  3 bats
  6 giant cockroaches
  12 goblins
  9 hobgoblins
  13 jackals
  6 kobolds
  A quokka (D:3)
  3 ball pythons
  3 frilled lizards (D:1)
  9 rats
118 creatures vanquished.

Vanquished Creatures (others)
  4 spectral weapons
4 creatures vanquished.

Grand Total: 122 creatures vanquished

Notes
Turn   | Place    | Note
-------+----------+-------------------------------------------
     0 | D:1      | MatthieuS the Merfolk Skald began the quest for the Orb.
     0 | D:1      | Reached XP level 1. HP: 16/16 MP: 3/3
    77 | D:1      | Reached XP level 2. HP: 19/23 MP: 3/5
    99 | D:1      | Learned a level 2 spell: Song of Slaying
   674 | D:1      | Reached XP level 3. HP: 17/28 MP: 1/6
  1178 | D:2      | Learned a level 3 spell: Spectral Weapon
  1206 | D:2      | Found a sacrificial altar of Ru.
  1207 | D:2      | Found a shattered altar of Ashenzari.
  1226 | D:2      | Became a worshipper of Ashenzari the Shackled
  1291 | D:2      | Found a deep blue altar of Sif Muna.
  1574 | D:2      | Reached skill level 4 in Polearms
  1574 | D:2      | Reached XP level 4. HP: 34/34 MP: 7/7
  1578 | D:2      | Learned a level 2 spell: Blink
  2174 | D:2      | Reached skill level 1 in Hexes
  2409 | D:3      | Reached XP level 5. HP: 39/41 MP: 5/9
  2473 | D:3      | Noticed Natasha
  2481 | D:3      | Killed Natasha
  2738 | D:3      | Noticed Natasha
  2746 | D:3      | Killed Natasha
  2746 | D:3      | Reached skill level 1 in Translocations
  2773 | D:3      | Noticed Natasha
  2953 | D:3      | Killed Natasha
  2953 | D:3      | Reached XP level 6. HP: 17/47 MP: 1/10
  3450 | D:3      | Found an ornate altar of the Wu Jian Council.
  3526 | D:4      | Learned a level 2 spell: Shroud of Golubria
  3528 | D:4      | Learned a level 1 spell: Animate Skeleton
  3631 | D:4      | Reached skill level 5 in Polearms
  3697 | D:4      | Noticed Robin
  3730 | D:4      | Killed Robin
  4071 | D:4      | Reached * piety under Ashenzari
  4091 | D:4      | Found a glowing golden altar of the Shining One.
  4413 | D:4      | Reached XP level 7. HP: 53/53 MP: 3/11
  4886 | D:4      | Found an opulent altar of Gozag.
  4887 | D:4      | Found a sparkling altar of Nemelex Xobeh.
  4991 | D:4      | Found a staircase to the Ecumenical Temple.
  5013 | D:5      | Entered Level 5 of the Dungeon
  5064 | D:5      | Found Apopeori's Food Boutique.
  5158 | D:5      | Gained mutation: You are weak. (Str -2) [potion of
                  | mutation]
  5158 | D:5      | Gained mutation: You are very weak. (Str -4) [potion of
                  | mutation]
  5158 | D:5      | Gained mutation: You are agile. (Dex +2) [potion of
                  | mutation]
  5218 | D:5      | Found a shimmering altar of Xom.
  5219 | D:5      | Found a burning altar of Makhleb.
  5220 | D:5      | Paralysed by a crimson imp for 6 turns
  5224 | D:5      | Cast into level 1 of the Abyss (crimson imp)
  5224 | Abyss:1  | Found a corrupted altar of Lugonu.
  5301 | Abyss:1  | Noticed a lich
  5311 | Abyss:1  | Noticed a large abomination
  5313 | Abyss:1  | Paralysed by a lich for 5 turns
  5372 | Abyss:1  | Noticed a starcursed mass
  5373 | Abyss:1  | Noticed a starcursed mass
  5374 | Abyss:1  | Killed from afar by a starcursed mass

Levels and vault maps discovered:
D:1:      ncdulo_lavacross, layout_loops_ring, minivault_24
D:2:      layout_basic, nicolae_overflow_hidden_temple, marbit_many_paths,
          minitemple
D:3:      layout_rooms, overflow_temple_1_default, serial_curves,
          eino_curves_02, eino_curves_01, first_ration, minivault_25,
          uniq_natasha
D:4:      layout_basic, grunt_temple_overflow_opulence,
          nicolae_overflow_crystal_walls, minmay_temple_entry_from_below_a,
          uniq_robin
D:5:      gammafunk_wand_slinger, layout_basic,
          grunt_temple_overflow_champion_of_chaos, serial_shops, shop
Abyss:1:  hangedman_decor_lopped

Skill      XL: |  1  2  3  4  5  6  7 |
---------------+----------------------+-----
Polearms       | 4 5 |  5.7
Fighting       | 3 4 |  4.2
Hexes          | 1 2 |  2.5
Charms         | 4 |  4.8
Translocations | 1 2 |  2.6
Spellcasting   | 3 |  3.5
Armour         | |  0.6
Dodging        | |  2.6

Action                   |  1- 3 |  4- 6 |  7- 9 || total
-------------------------+-------+-------+-------++-------
Melee: Spear             |   137 |   189 |   129 ||   455
 Cast: Infusion          |    14 |     7 |     2 ||    23
       Spectral Weapon   |     1 |    26 |    10 ||    37
       Blink             |       |     1 |       ||     1
       Shroud of Golubri |       |     2 |       ||     2
       Animate Skeleton  |       |     1 |     1 ||     2
       Song of Slaying   |       |       |     1 ||     1
  Use: Potion            |       |     1 |     6 ||     7
       Scroll            |       |       |     9 ||     9
 Stab: Sleeping          |     1 |       |       ||     1
       Distracted        |       |     2 |       ||     2
       Invisible         |       |       |     4 ||     4
  Eat: Chunk             |     3 |    12 |     1 ||    16
       Ration            |       |     1 |       ||     1
Armor: Leather armour    |    32 |    26 |    33 ||    91
Dodge: Dodged            |    66 |    66 |    67 ||   199

Table legend:
 A = Non-vault XP
 B = Vault XP
 C = Vault XP percentage of total XP
 D = Non-vault monster count
 E = Vault monster count
 F = Vault count percentage of total count
                 A         B        C        D         E       F
            +---------+---------+-------+---------+---------+-------
      Total |     918 |      64 |   6.5 |     109 |       9 |   7.6
            +---------+---------+-------+---------+---------+-------
        D:1 |      45 |       0 |   0.0 |      24 |       0 |   0.0
        D:2 |     115 |       1 |   0.9 |      27 |       1 |   3.6
        D:3 |     149 |      35 |  19.0 |      23 |       1 |   4.2
        D:4 |     400 |      28 |   6.5 |      20 |       7 |  25.9
        D:5 |     209 |       0 |   0.0 |      15 |       0 |   0.0
            +---------+---------+-------+---------+---------+-------
